 Dungeon Crawl Stone Soup version 0.21.1-1-g345015fe64 (webtiles) character file.

3942 Peloso the Carver (level 10, -4/88 HPs)
             Began as a Deep Dwarf Fighter on June 14, 2018.
             Was a Follower of Okawaru.
             Slain by a spiny frog (8 damage)
             ... on level 2 of the Lair of Beasts.
             The game lasted 00:25:23 (8124 turns).

Peloso the Carver (Deep Dwarf Fighter)              Turns: 8124, Time: 00:25:23

Health: -4/88      AC: 15    Str: 24    XL:     10   Next: 1%
Magic:  9/9        EV:  7    Int:  8    God:    Okawaru [*.....]
Gold:   444        SH: 11    Dex: 12    Spells: 9/9 levels left

rFire    . . .     SeeInvis .   a - +1 long sword
rCold    . . .     Gourm    .   c - +0 shield
rNeg     . . .     Faith    .   d - +0 plate armour
rPois    .         Spirit   .   o - +0 helmet
rElec    .         Reflect  .   n - +0 cloak
rCorr    .         Harm     .   (no gloves)
MR       +....                  (no boots)
Stlth    ..........             (no amulet)
HPRegen  0.00/turn              (no ring)
MPRegen  0.11/turn              (no ring)

@: lethally poisoned (-4 -> -4), non-regenerating
A: damage resistance, heal wounds, sense surroundings 2, no regeneration
a: Heal Wounds, Heroism, Renounce Religion


You were on level 2 of the Lair of Beasts.
You worshipped Okawaru.
Okawaru was aware of your devotion.
You were hungry.

You visited 3 branches of the dungeon, and saw 11 of its levels.

You collected 444 gold pieces.

Inventory:

Hand Weapons
 a - a +1 long sword (weapon)
Missiles
 k - 89 bolts
Armour
 b - a +0 scale mail
 c - a +0 shield (worn)
 d - a +0 plate armour (worn)
 n - a +0 cloak (worn)
 o - a +0 helmet (worn)
Scrolls
 e - a scroll of fog
 g - 3 scrolls of identify
 h - 7 scrolls of remove curse
 i - 3 scrolls of amnesia
 l - a scroll of teleportation
 q - 2 scrolls of enchant armour
 r - a scroll of enchant weapon
Potions
 j - a potion of flight
 m - 2 potions of resistance
 p - a potion of agility
 s - a potion of might
 t - 2 potions of degeneration
 v - a potion of heal wounds
Comestibles
 f - 12 rations
 u - a chunk of flesh


   Skills:
 + Level 5.5 Fighting
 + Level 9.3 Long Blades
 + Level 7.2 Armour
 + Level 3.0 Dodging
 + Level 1.3 Stealth
 + Level 8.1 Shields
 + Level 0.1 Invocations
   Level 3.0 Evocations


You had 9 spell levels left.
You didn't know any spells.

Dungeon Overview and Level Annotations

Branches:
Dungeon (8/15)             Temple (1/1) D:7            Lair (2/6) D:8
  Swamp: Lair:2-4    Shoals: Lair:2-4     Snake: Lair:2-4    Spider: Lair:2-4

Altars:
Ashenzari
Cheibriados
Dithmenos
Elyvilon
Fedhas
Gozag
Hepliaklqana
Kikubaaqudgha
Makhleb
Nemelex Xobeh
Okawaru
Qazlal
Ru
Sif Muna
Trog
Uskayaw
Vehumet
Wu Jian
Xom
Zin
The Shining One


Innate Abilities, Weirdness & Mutations

You are resistant to damage.
You can heal yourself by infusing magical energy.
You passively map the area around you.
You do not regenerate.


Message History

The porcupine is severely wounded.
The porcupine barely misses you.
You riposte.
Your shield and plate armour prevent you from hitting the porcupine.
The porcupine is severely wounded.
The spiny frog stings you but does no damage.
You are struck by the porcupine's spines.
* * * LOW HITPOINT WARNING * * *
You miss the porcupine.
The porcupine is severely wounded.
The porcupine bites you. The spiny frog stings you.
* * * LOW HITPOINT WARNING * * *
You are poisoned.
The spiny frog poisons you!
You slash the porcupine!
You kill the porcupine!
Okawaru accepts your kill.
You have reached level 10!
You block the spiny frog's attack. The spiny frog stings you!
You die...

* * * *, #.
* , , ,,
,P..... , .#
, , ,,
......,, ,..
,, , **
..... ,, .#
*,, ,,
,#..., ,..#
+
**#..**#.#**
, , #..##.#
* , *
##.F<## *
#..@..# * *
* ####.## ,
* * * ,*#+#
** , * , ,,
*** , , , ,,
* , ,,, , ,
, , , , * *
, ,, , * ,*
* * * *


You could see a spiny frog.

Vanquished Creatures
  The ghost of Henning the Cleaver, a novice MiBe of Trog (D:6)
  A komodo dragon (Lair:1)
  5 yaks (D:7)
  A vampire mosquito (D:8)
  A water moccasin (D:7)
  An orc warrior (D:6)
  A sky beast (D:6)
  4 porcupines
  4 ogres
  2 centaurs
  A bullfrog (D:8)
  A gnoll sergeant (D:6)
  3 scorpions
  2 vampire bats (D:4)
  A howler monkey (D:5)
  2 crimson imps (D:5)
  2 hounds
  A bullfrog zombie (D:7)
  2 orc priests
  A bullfrog skeleton (D:6)
  A jelly (D:6)
  Jessica (D:3)
  4 orc wizards
  7 worker ants
  A killer bee zombie (D:8)
  Robin (D:3)
  8 gnolls
  2 howler monkey skeletons
  5 adders
  A shadow imp (D:5)
  An adder skeleton (D:5)
  An adder zombie (D:7)
  4 worms
  3 leopard geckos
  28 orcs
  5 giant cockroaches
  14 goblins
  10 hobgoblins
  11 jackals
  4 quokkas
  A ball python (D:1)
  11 bats
  7 frilled lizards
  A giant cockroach zombie (D:5)
  4 jackal skeletons
  6 kobolds
  2 quokka zombies (D:5)
  4 rats
185 creatures vanquished.

Notes
Turn   | Place    | Note
-------+----------+-------------------------------------------
     0 | D:1      | Peloso the Deep Dwarf Fighter began the quest for the Orb.
     0 | D:1      | Reached XP level 1. HP: 20/20 MP: 1/1
   155 | D:1      | Reached XP level 2. HP: 24/27 MP: 2/2
   943 | D:2      | Reached XP level 3. HP: 25/34 MP: 3/3
  1107 | D:2      | Found an ornate altar of the Wu Jian Council.
  1273 | D:2      | Reached skill level 3 in Long Blades
  1800 | D:3      | Noticed Robin
  1808 | D:3      | Killed Robin
  1808 | D:3      | Reached XP level 4. HP: 27/42 MP: 4/4
  2082 | D:3      | Found a shimmering altar of Xom.
  2435 | D:3      | Noticed Jessica
  2443 | D:3      | Killed Jessica
  2443 | D:3      | Reached XP level 5. HP: 33/49 MP: 5/5
  2996 | D:4      | Noticed an ogre
  3000 | D:4      | Killed an ogre
  3000 | D:4      | Reached skill level 4 in Long Blades
  3000 | D:4      | Reached skill level 1 in Dodging
  3000 | D:4      | Reached XP level 6. HP: 14/56 MP: 6/6
  3107 | D:4      | Found a white marble altar of Elyvilon.
  3110 | D:4      | Found a burning altar of Makhleb.
  3113 | D:4      | Found a stormy altar of Qazlal.
  3352 | D:4      | Reached skill level 1 in Evocations
  3502 | D:4      | Reached skill level 1 in Stealth
  3502 | D:4      | Reached skill level 5 in Shields
  3625 | D:4      | Reached XP level 7. HP: 24/62 MP: 6/8
  3833 | D:4      | Reached skill level 5 in Long Blades
  4235 | D:5      | Entered Level 5 of the Dungeon
  4329 | D:5      | Reached skill level 5 in Armour
  5007 | D:5      | Reached XP level 8. HP: 25/72 MP: 8/8
  5094 | D:5      | Reached skill level 6 in Long Blades
  5167 | D:5      | Found a hazy altar of Hepliaklqana.
  5355 | D:6      | Noticed Henning's ghost (novice MiBe)
  5371 | D:6      | Killed Henning's ghost
  5447 | D:6      | Reached skill level 7 in Long Blades
  5839 | D:7      | Found a staircase to the Ecumenical Temple.
  5864 | Temple   | Entered the Ecumenical Temple
  6237 | D:7      | Found an iron altar of Okawaru.
  6242 | D:7      | Became a worshipper of Warmaster Okawaru
  6499 | D:7      | Gained mutation: You passively map the area around you. [Deep Dwarf growth]
  6499 | D:7      | Reached XP level 9. HP: 58/79 MP: 7/7
  6509 | D:7      | Reached * piety under Okawaru
  6526 | D:7      | Reached skill level 8 in Long Blades
  7509 | D:8      | Noticed a death knight
  7648 | D:8      | Reached skill level 5 in Fighting
  7648 | D:8      | Reached skill level 9 in Long Blades
  7940 | D:8      | Found an iron altar of Okawaru.
  7960 | D:8      | Noticed a four-headed hydra
  7969 | D:8      | Found a staircase to the Lair.
  7975 | Lair:1   | Entered Level 1 of the Lair of Beasts
  8058 | Lair:1   | Noticed a komodo dragon
  8070 | Lair:1   | Killed a komodo dragon
  8092 | Lair:1   | Noticed an eight-headed hydra
  8118 | Lair:2   | Noticed a spiny frog
  8122 | Lair:2   | HP: 4/81 [porcupine's spines (10)]
  8123 | Lair:2   | Reached XP level 10. HP: 4/88 MP: 9/9
  8124 | Lair:2   | Slain by a spiny frog

Skill      XL: |  1  2  3  4  5  6  7  8  9 |
---------------+----------------------------+-----
Fighting       | 3 4 5 |  5.5
Long Blades    | 3 4 5 7 9 |  9.3
Armour         | 4 5 6 7 |  7.2
Shields        | 4 5 6 8 |  8.1
Dodging        | 1 2 3 |  3.0
Evocations     | 1 2 3 |  3.0
Stealth        | 1 |  1.3
Invocations    | |  0.1

Action                   |  1- 3 |  4- 6 |  7- 9 | 10-12 || total
-------------------------+-------+-------+-------+-------++-------
Melee: Long sword        |   125 |   183 |   514 |       ||   822
Invok: Heroism           |       |       |     2 |       ||     2
 Abil: Heal Wounds       |       |     2 |    11 |       ||    13
Evoke: Wand              |       |    12 |    31 |       ||    43
  Use: Potion            |     1 |     1 |     5 |       ||     7
       Scroll            |       |       |    12 |       ||    12
 Stab: Paralysed         |       |     1 |       |       ||     1
  Eat: Chunk             |     3 |     6 |    15 |       ||    24
Armor: Scale mail        |    67 |   111 |    73 |       ||   251
       Plate armour      |       |       |   154 |       ||   154
Dodge: Dodged            |    30 |    81 |   126 |       ||   237
Block: Shield            |    65 |   139 |   275 |     1 ||   480
       Rpst.: Long sword |     7 |    21 |    38 |       ||    66
